 Dungeon Crawl Stone Soup version 0.14.0-15-g6b16f67 (webtiles) character file.

250 Kejsarherre the Magician (level 4, 0/27 HPs)
             Began as an Octopode Conjurer on Apr 17, 2014.
             Slain by a hound (6 damage)
             ... on Level 4 of the Dungeon.
             The game lasted 00:04:10 (1548 turns).

Kejsarherre the Magician (Octopode Conjurer)        Turns: 1548, Time: 00:04:10

HP   0/27        AC  1     Str  7      XL: 4   Next: 66%
MP   8/11        EV 12     Int 18      God:
Gold 155         SH  0     Dex 12      Spells:  3 memorised,  6 levels left

rFire  + . .     SeeInvis .     (no weapon)
rCold  . . .     Clarity  .     (no shield)
rNeg   . . .     Conserve .     (helmet restricted)
rPois  .         rCorr    .     (no amulet)
rElec  .         rRot     .     g - ring of protection from fire {unknown}
SustAb . .       Spirit   .     l - ring of regeneration
rMut   .         Warding  .     (no ring)
Saprov . . .     Stasis   .     (no ring)
MR     .....                    (no ring)
                                (no ring)
                                (no ring)
                                (no ring)

@: not resistant to hostile enchantments, quite stealthy
A: almost no armour, amphibious, 8 rings, constrict 8, camouflage 1, gelatinous
body 1
a: no special abilities


You were on level 4 of the Dungeon.
You were not hungry.

You visited 1 branch of the dungeon, and saw 4 of its levels.

You collected 155 gold pieces.

Inventory:

Comestibles
 b - a bread ration
 p - 9 grapes
Scrolls
 a - a scroll of fear {unknown}
 d - a scroll of identify {unknown}
 h - a scroll of enchant weapon I {unknown}
 i - a scroll of blinking {unknown}
 j - a scroll of remove curse {unknown}
 m - a scroll of enchant armour {unknown}
 n - 4 scrolls of enchant weapon II {unknown}
 q - a scroll of amnesia {unknown}
Jewellery
 g - a ring of protection from fire (left tentacle) {unknown}
 l - a ring of regeneration (right tentacle)
Potions
 e - a potion of agility {unknown}
 f - 2 potions of heal wounds {unknown}
 o - a potion of curing {unknown}
Books
 c - a book of Conjurations

   Spells                             Type                      Level
   *Magic Dart                        Conjuration                  1
   *Searing Ray                       Conjuration                  2
   Dazzling Spray                     Conjuration/Hexes            3
   Fulminant Prism                    Conjuration/Hexes            4
   Iskenderun's Mystic Blast          Conjuration                  4
   Iskenderun's Battlesphere          Conjuration/Charms           5
 k - a book of Air

   Spells                             Type                      Level
   Shock                              Conjuration/Air              1
   *Swiftness                         Charms/Air                   2
   Repel Missiles                     Charms/Air                   2
   Flight                             Charms/Air                   3
   Static Discharge                   Conjuration/Air              3
   Lightning Bolt                     Conjuration/Air              5


   Skills:
 - Level 2.0 Dodging
 - Level 2.6 Stealth
 - Level 4.2 Spellcasting
 + Level 4.1 Conjurations


You had 6 spell levels left.
You knew the following spells:

 Your Spells              Type           Power        Failure   Level  Hunger
a - Magic Dart            Conj           ###.         2%          1    None
b - Searing Ray           Conj           ###...       4%          2    #......
c - Swiftness             Chrm/Air       #.......     21%         2    #......


Dungeon Overview and Level Annotations

Branches:
Dungeon (4/15)
 Temple: D:4-7

Altars:
Elyvilon
Nemelex Xobeh
Yredelemnul


Innate Abilities, Weirdness & Mutations

You cannot wear most types of armour.
You are amphibious.
You can wear up to eight rings at the same time.
You can use your tentacles to constrict many enemies at once.
Your skin changes colour to match your surroundings (Stlth).
Your rubbery body absorbs attacks (AC +1).


Message History

The hound closely misses you. The kobold barely misses you.
You miss the hound. You grab the hound.
The hound is severely wounded.
You constrict the hound, but do no damage.
The hound bites you. x2
The kobold hits you with a dagger.
You hit the hound.
The hound is severely wounded.
You constrict the hound, but do no damage.
The hound bites you. The kobold hits you with a dagger.
You hit the hound but do no damage.
The hound is severely wounded.
You constrict the hound. The hound bites you.
* * * LOW HITPOINT WARNING * * *
The giant gecko misses you. The hound misses you.
The kobold hits you but does no damage.
You are too injured to fight recklessly!
You release your grip on the hound.
The hound bites you.
You die...

#.# . #.#
.%. #.# #.##
#.# ##...#.
#.. .......
#.##........
#.#.........
#.hl........
#@#K.%.....
#.##.......
#.. .......
######...#
###


You could see a hound and a giant gecko.

Vanquished Creatures
  A hound (D:3)
  A gnoll (D:2)
  An adder (D:3)
  A worm (D:4)
  2 giant geckos (D:3)
  An orc (D:3)
  8 bats
  A bat skeleton (D:3)
  4 goblins
  5 hobgoblins
  A quokka (D:3)
  A ball python (D:1)
  A giant cockroach (D:3)
  4 giant newts
  5 kobolds
  4 rats
41 creatures vanquished.

Notes
Turn   | Place    | Note
--------------------------------------------------------------
     0 | D:1      | Kejsarherre, the Octopode Conjurer, began the quest for the Orb.
     0 | D:1      | Reached XP level 1. HP: 11/11 MP: 3/3
   158 | D:1      | Reached XP level 2. HP: 9/17 MP: 5/5
   738 | D:2      | Reached XP level 3. HP: 16/21 MP: 0/8
   938 | D:3      | Learned a level 2 spell: Swiftness
   946 | D:3      | Learned a level 2 spell: Searing Ray
  1066 | D:3      | Found a basalt altar of Yredelemnul.
  1079 | D:3      | Noticed a sky beast
  1130 | D:3      | Found a white marble altar of Elyvilon.
  1275 | D:3      | Reached XP level 4. HP: 18/27 MP: 2/10
  1352 | D:3      | Found a sparkling altar of Nemelex Xobeh.
  1548 | D:4      | Slain by a hound

Action                   |  1- 3 |  4- 6 || total
-------------------------+-------+-------++-------
Melee: Unarmed           |    90 |    33 ||   123
 Cast: Magic Dart        |    17 |     8 ||    25
       Searing Ray       |       |     3 ||     3
 Stab: Sleeping          |     9 |     1 ||    10
